 Dungeon Crawl Stone Soup version 0.19.0-19-g8c6edcc (webtiles) character file.

16237 Ladykiller69 the Grappler (level 12, -18/114 HPs)
             Began as a Troll Fighter on Nov 12, 2016.
             Was an Elder of Uskayaw.
             Demolished by a sun demon (19 damage)
             ... summoned by an orc high priest
             ... on level 2 of the Orcish Mines.
             The game lasted 00:48:21 (8479 turns).

Ladykiller69 the Grappler (Troll Fighter)           Turns: 8479, Time: 00:48:22

Health: -18/114    AC:  8    Str: 32    XL:     12   Next: 8%
Magic:  9/14       EV: 17    Int:  4    God:    Uskayaw [****..]
Gold:   1550       SH: 12    Dex: 13    Spells: 0 memorised, 11 levels left

rFire  x . .     SeeInvis .       - Unarmed
rCold  + . .     Gourm    +     a - +0 robe
rNeg   . . .     Faith    .     b - +0 shield
rPois  .         Spirit   .     U - +1 hat {MR+}
rElec  .         Reflect  .     w - +1 cloak
rCorr  .         Harm     .     (gloves unavailable)
MR     +....                    (boots unavailable)
Stlth  +.........               (no amulet)
                                R - +5 ring of evasion
                                X - ring "Uhisar" {Ice Str+5 Slay+3}

@: weakened
A: unfitting armour, claws 3, fast metabolism 3, gourmand, regeneration 1,
shaggy fur 1, tough skin 2
a: Stomp, Line Pass, Renounce Religion


You were on level 2 of the Orcish Mines.
You worshipped Uskayaw.
Uskayaw was noncommittal.
You were very full.

You visited 3 branches of the dungeon, and saw 14 of its levels.
You also visited: Sewer.

You collected 1550 gold pieces.

Inventory:

Missiles
 j - 399 stones
 K - 31 tomahawks
 Q - 3 throwing nets
 Z - 12 large rocks (quivered)
Armour
 a - a +0 robe (worn)
 b - a +0 shield (worn)
 w - a +1 cloak (worn)
 U - a +1 hat of magic resistance (worn)
Jewellery
 e - an uncursed ring of poison resistance
 B - an uncursed ring of protection from cold
 M - a +4 ring of dexterity
 R - a +5 ring of evasion (right claw)
 W - an uncursed ring of protection from cold
 X - the ring "Uhisar" (left claw) {Ice Str+5 Slay+3}
   (You found it on level 9 of the Dungeon)

   [ring of ice]

   It enhances your ice magic.
   It affects your strength (+5).
   It affects your accuracy and damage with ranged weapons and melee attacks
   (+3).
   It makes you vulnerable to fire.
   It protects you from cold.
Wands
 D - a wand of polymorph (24/24)
 F - a wand of confusion (13/48)
 V - a wand of teleportation (3/9)
Scrolls
 i - 8 scrolls of remove curse
 l - 2 scrolls of recharging
 m - a scroll of enchant armour
 n - a scroll of immolation
 r - 15 scrolls of identify
 y - a scroll of fear {unknown}
 H - 2 scrolls of blinking
 I - 2 scrolls of teleportation
 J - a scroll of fog {unknown}
 L - 2 scrolls of random uselessness {unknown}
 N - a scroll of magic mapping {unknown}
 P - 3 scrolls of enchant weapon {unknown}
 S - a scroll of silence {unknown}
 T - 2 scrolls of noise {unknown}
Potions
 c - 4 potions of might
 f - 2 potions of ambrosia
 g - a potion of resistance {unknown}
 h - 3 potions of lignification {unknown}
 k - a potion of brilliance {unknown}
 p - 2 potions of curing {unknown}
 s - a potion of invisibility {unknown}
 t - 3 potions of degeneration {unknown}
 u - 2 potions of mutation {unknown}
 v - 2 potions of heal wounds {unknown}
 A - a potion of agility {unknown}
 E - 2 potions of flight {unknown}
 G - 3 potions of haste {unknown}
 O - 2 potions of beneficial mutation {unknown}
Miscellaneous
 z - a phantom mirror
 Y - a phial of floods
Comestibles
 d - 10 bread rations
 o - a slice of pizza
 q - 6 meat rations
 x - 6 beef jerkies


   Skills:
 + Level 6.0 Fighting
 + Level 5.6 Dodging
 - Level 9.0 Shields
 * Level 13.2 Unarmed Combat
 + Level 5.1 Invocations


You had 11 spell levels left.
You didn't know any spells.

Dungeon Overview and Level Annotations

Branches:
Dungeon (11/15)            Temple (1/1) D:6            Lair (0/6) D:11
    Orc (2/2) D:11            Elf (0/3) Orc:2

Altars:
Ashenzari
Cheibriados
Dithmenos
Elyvilon
Gozag
Hepliaklqana
Kikubaaqudgha
Makhleb
Nemelex Xobeh
Okawaru
Qazlal
Ru
Sif Muna
Trog
Uskayaw
Vehumet
Xom
The Shining One
Beogh
Lugonu

Shops:
D:7 *   Orc:2 %:=(

Portals:
Trove: D:10 (give wand of hasting (9))

Annotations:
D:10 Harold


Innate Abilities, Weirdness & Mutations

You are too large for most types of armour.
You have claws for hands.
Your metabolism is lightning-fast.
You like to eat raw meat.
Your natural rate of healing is unusually fast.
You are covered in fur. (AC +1)
You have very tough skin. (AC +2)


Message History

The sun demon hits you but does no damage.
You closely miss the orc high priest.
The orc high priest is almost dead.
You block the sun demon's attack. The orange demon closely misses you.
The orange demon completely misses you. You block the orc high priest's attack.
You closely miss the orc high priest.
The orc high priest is almost dead.
The sun demon hits you!!
You are engulfed in flames!!
The fire burns you terribly!
* * * LOW HITPOINT WARNING * * *
You stomp with the beat, sending a shockwave through the revelers around you!
The sun demon is moderately wounded.
The orange demon is moderately wounded.
The orc high priest is almost dead.
You feel somewhat less full.
You can no longer merge with and destroy a victim.
You block the orange demon's attack. The orange demon barely misses you.
You block the orc high priest's attack. The sun demon hits you!!
* * * LOW HITPOINT WARNING * * *
You are engulfed in flames!!
The fire burns you terribly!
You die...

.........##...............)##
..........##..[....#....[)).###
.............[.....##.........#
..##..............##..#.......###
..###<#..........####.##........#
### ###....)....## ####.....<...
#.#####.....<.)..####.##.......##
..##..#......)))...#..........##
...............3@..#..........#
...............o4............##
............................##
...........##..............##
..........####.....8..∩..8..##
.......#### #...............#
........# ##.#>...........##
......### ###.....#.#.....# #
#.....# ##....###.....###


You could see an orc high priest, a sun demon and an orange demon.

Vanquished Creatures
  Gastronok (D:9)
  An orc warlord (Orc:1)
  2 unseen horrors
  A hill giant (D:10)
  An orc knight (Orc:1)
  4 orc sorcerers (Orc:2)
  2 cyclopes (D:11)
  A troll (Orc:1)
  A merfolk (D:9)
  3 hornets (D:11)
  2 hippogriffs
  A wyvern (D:11)
  2 humans (D:9)
  A warg (Orc:2)
  21 orc warriors
  2 phantoms
  6 sky beasts
  4 centaurs
  An eye of draining (D:8)
  8 ogres
  2 bullfrogs
  A wyvern skeleton (D:9)
  The ghost of Charly the Chopper, a weakling MiBe of Trog (D:3)
  4 scorpions
  A howler monkey (D:4)
  13 wights
  4 crimson imps
  2 centaur zombies
  3 hounds
  16 orc priests
  A jelly (D:8)
  A bullfrog skeleton (D:6)
  21 orc wizards
  2 centaur skeletons
  4 iguanas
  Ijyb (D:3)
  11 worker ants
  A hound skeleton (D:4)
  A howler monkey skeleton (D:6)
  17 adders
  10 gnolls
  2 river rats (Sewer)
  A shadow imp (D:11)
  2 oozes
  2 adder zombies
  2 adder skeletons
  5 worms
  A dart slug (D:1)
  3 leopard geckos
  60 orcs
  7 giant cockroaches
  5 goblins
  10 hobgoblins
  12 jackals
  5 quokkas
  4 ball pythons
  3 bats
  15 frilled lizards
  7 kobolds
  2 leopard gecko skeletons (D:4)
  A leopard gecko zombie (D:5)
  13 rats
344 creatures vanquished.

Notes
Turn   | Place    | Note
-------+----------+-------------------------------------------
     0 | D:1      | Ladykiller69 the Troll Fighter began the quest for the Orb.
     0 | D:1      | Reached XP level 1. HP: 22/22 MP: 0/0
   299 | D:1      | Reached XP level 2. HP: 29/29 MP: 1/1
   796 | D:2      | Reached XP level 3. HP: 36/36 MP: 2/2
   941 | D:2      | Found an ancient bone altar of Kikubaaqudgha.
  1003 | D:2      | Reached skill level 3 in Unarmed Combat
  1024 | D:2      | Reached XP level 4. HP: 24/44 MP: 3/3
  1086 | D:2      | Found a shimmering altar of Xom.
  1247 | D:3      | Reached XP level 5. HP: 52/53 MP: 4/4
  1448 | D:3      | Found a faded altar of an unknown god.
  1504 | D:3      | Noticed Ijyb
  1511 | D:3      | Killed Ijyb
  1526 | D:3      | Found an opulent altar of Gozag.
  1661 | D:3      | Noticed Charly's ghost (weakling MiBe)
  1675 | D:3      | Killed Charly's ghost
  1675 | D:3      | Reached skill level 4 in Unarmed Combat
  1854 | D:4      | Reached XP level 6. HP: 56/61 MP: 5/5
  2094 | D:4      | Found a sacrificial altar of Ru.
  2117 | D:4      | Reached skill level 5 in Unarmed Combat
  2210 | D:4      | Reached XP level 7. HP: 63/67 MP: 6/6
  2216 | D:4      | Found a glowing golden altar of the Shining One.
  2347 | D:5      | Entered Level 5 of the Dungeon
  2413 | D:5      | Found a shadowy altar of Dithmenos.
  2512 | D:5      | Found a sparkling altar of Nemelex Xobeh.
  2593 | D:5      | Found a glowing drain.
  2630 | Sewer    | Entered a sewer
  3205 | D:5      | Reached skill level 5 in Shields
  3537 | D:6      | Reached skill level 6 in Unarmed Combat
  3636 | D:6      | Found a staircase to the Ecumenical Temple.
  3640 | Temple   | Entered the Ecumenical Temple
  3655 | Temple   | Became a worshipper of Uskayaw the Reveler
  3761 | D:6      | Reached * piety under Uskayaw
  3786 | D:5      | Reached XP level 8. HP: 58/75 MP: 7/7
  3786 | D:5      | Reached ** piety under Uskayaw
  3902 | D:6      | Reached skill level 7 in Unarmed Combat
  3909 | D:6      | Reached *** piety under Uskayaw
  3912 | D:6      | Reached **** piety under Uskayaw
  3954 | D:6      | Noticed a hippogriff
  3962 | D:6      | Killed a hippogriff
  4023 | D:6      | Found a shattered altar of Ashenzari.
  4096 | D:6      | Reached skill level 8 in Unarmed Combat
  4303 | D:7      | Reached XP level 9. HP: 67/81 MP: 8/8
  4361 | D:7      | Found Vumoimn's Assorted Antiques.
  4414 | D:7      | Found a snail-covered altar of Cheibriados.
  4447 | D:7      | Found a radiant altar of Vehumet.
  4683 | D:7      | Found a burning altar of Makhleb.
  4963 | D:8      | Reached skill level 9 in Unarmed Combat
  5040 | D:8      | Found a bloodstained altar of Trog.
  5539 | D:9      | Noticed Gastronok
  5559 | D:9      | Killed Gastronok
  5559 | D:9      | Reached skill level 10 in Unarmed Combat
  5559 | D:9      | Reached XP level 10. HP: 86/91 MP: 4/9
  5571 | D:9      | Got a bound lead ring
  5581 | D:9      | Identified the ring "Uhisar" {Ice Str+5 Slay+3} (You found it on level 9 of the Dungeon)
  5827 | D:9      | Reached skill level 1 in Invocations
  5863 | D:9      | Found an opulent altar of Gozag.
  6143 | D:9      | Found an iron altar of Okawaru.
  6151 | D:9      | Reached skill level 11 in Unarmed Combat
  6262 | D:10     | Entered Level 10 of the Dungeon
  6347 | D:10     | Killed an unseen horror
  6425 | D:10     | Noticed a hill giant
  6435 | D:10     | Killed a hill giant
  6527 | D:10     | Noticed Harold
  6551 | D:10     | Found a portal to a secret trove of treasure.
  6937 | D:11     | Noticed a cyclops
  6939 | D:11     | Noticed a cyclops
  6942 | D:11     | Killed a cyclops
  6947 | D:11     | Killed a cyclops
  6947 | D:11     | Reached XP level 11. HP: 66/101 MP: 12/12
  7274 | D:11     | Found a staircase to the Lair.
  7393 | D:11     | Killed an unseen horror
  7393 | D:11     | Reached skill level 12 in Unarmed Combat
  7422 | D:11     | Found a staircase to the Orcish Mines.
  7431 | Orc:1    | Entered Level 1 of the Orcish Mines
  7450 | Orc:1    | Reached ***** piety under Uskayaw
  7460 | Orc:1    | Found a roughly hewn altar of Beogh.
  7552 | Orc:1    | Reached skill level 5 in Fighting
  7594 | Orc:1    | Noticed an orc warlord
  7652 | Orc:1    | Killed an orc warlord
  7652 | Orc:1    | Reached skill level 5 in Dodging
  7783 | Orc:1    | Noticed an orc knight
  7797 | Orc:1    | Killed an orc knight
  7910 | Orc:2    | Entered Level 2 of the Orcish Mines
  7974 | Orc:2    | Found Bainabox's Weapon Boutique.
  8058 | Orc:2    | Found a staircase to the Elven Halls.
  8092 | Orc:2    | Found a burning altar of Makhleb.
  8298 | Orc:2    | Noticed an orc sorcerer
  8301 | Orc:2    | Noticed an orc sorcerer
  8307 | Orc:2    | Noticed an orc sorcerer
  8307 | Orc:2    | Noticed an orc sorcerer
  8308 | Orc:2    | Killed an orc sorcerer
  8308 | Orc:2    | Killed an orc sorcerer
  8308 | Orc:2    | Reached skill level 13 in Unarmed Combat
  8309 | Orc:2    | Found Xouvoab's Food Shop.
  8309 | Orc:2    | Found Siahymov's Jewellery Boutique.
  8309 | Orc:2    | Found Iqoem's Book Shop.
  8312 | Orc:2    | Killed an orc sorcerer
  8312 | Orc:2    | Reached skill level 5 in Invocations
  8314 | Orc:2    | Killed an orc sorcerer
  8314 | Orc:2    | Reached XP level 12. HP: 61/113 MP: 9/14
  8314 | Orc:2    | Reached ****** piety under Uskayaw
  8464 | Orc:2    | Noticed an orc high priest
  8479 | Orc:2    | HP: 1/114 [sun demon[an orc high priest] (24)]
  8479 | Orc:2    | Demolished by a sun demon

Skill      XL: |  1  2  3  4  5  6  7  8  9 10 11 12 |
---------------+-------------------------------------+-----
Unarmed Combat | 3 4 5 6 8 10 11 13 | 13.2
Dodging        | 3 4 5 |  5.6
Fighting       | 3 4 5 6 |  6.0
Shields        | 3 4 5 7 9 |  9.0
Invocations    | 3 5 |  5.1

Action                   |  1- 3 |  4- 6 |  7- 9 | 10-12 || total
-------------------------+-------+-------+-------+-------++-------
Melee: Unarmed           |    82 |   150 |   388 |   409 ||  1029
Throw: Stone             |       |     4 |       |       ||     4
       Throwing net      |       |       |       |     1 ||     1
       Large rock        |       |       |       |     1 ||     1
Invok: Line Pass         |       |       |     2 |     5 ||     7
       Stomp             |       |       |     1 |     3 ||     4
  Use: Scroll            |       |       |     8 |     1 ||     9
 Stab: Sleeping          |       |       |     3 |     2 ||     5
       Paralysed         |       |       |     5 |    22 ||    27
       Confused          |       |       |       |     1 ||     1
  Eat: Chunk             |    14 |     9 |    35 |    28 ||    86
Armor: Robe              |    14 |    34 |    70 |    60 ||   178
Dodge: Dodged            |    27 |    31 |    91 |   147 ||   296
Block: Shield            |    34 |    46 |   143 |   186 ||   409
